 Dungeon Crawl Stone Soup version 0.31-a0-538-gbc85326fa9 (webtiles) character file.

Game seed: 9453240294654974675

102 Crownlay the Chopper (level 4, 0/39 HPs)
             Began as a Hill Orc Fighter on Aug 13, 2023.
             Slain by a kobold brigand
             ... wielding a +0 club
              (2 damage)
             ... on level 3 of the Dungeon.
             The game lasted 00:02:52 (2105 turns).

Crownlay the Chopper (Hill Orc Fighter)             Turns: 2105, Time: 00:02:53

Health: 0/39       AC:  6    Str: 26    XL:     4   Next: 78%
Magic:  4/4        EV:  9    Int:  8    God:
Gold:   177        SH:  4    Dex: 10    Spells: 3/3 levels left

rFire   . . .        a - +0 war axe
rCold   . . .        c - +0 buckler
rNeg    . . .        b - +0 scale mail
rPois   .            (no helmet)
rElec   .            (no cloak)
rCorr   .            (no gloves)
SInv    .            (no boots)
Will    .....        (no amulet) Stlth
                     e - +6 ring of strength
HPRegen 0.26/turn    i - +4 ring of slaying
MPRegen 0.09/turn

%: no passive effects
@: mighty, attractive
A: no striking features
a: no special abilities


You were on level 3 of the Dungeon.
You visited 1 branch of the dungeon, and saw 3 of its levels.

You collected 177 gold pieces.

Inventory:

Hand Weapons
 a - a +0 war axe (weapon)
Missiles
 n - a throwing net
 p - 3 poisoned darts (quivered)
Armour
 b - a +0 scale mail (worn)
 c - a +0 buckler (worn)
Jewellery
 e - a +6 ring of strength (left hand)
 i - a +4 ring of slaying (right hand)
 l - a +6 ring of intelligence
Scrolls
 g - 3 scrolls of blinking {unknown}
 h - a scroll of immolation {unknown}
 j - 3 scrolls of silence {unknown}
 k - a scroll of identify {unknown}
 o - a scroll of fog {unknown}


   Skills:
 - Level 3.6 Fighting
 * Level 5.0 Axes
 + Level 1.4 Throwing
 - Level 3.2 Armour
 + Level 4.1 Shields


You had 3 spell levels left.
You didn't know any spells.
Your spell library contained the following spells:

 Spells                   Type           Power      Damage    Failure   Level
 Vhi's Electric Charge    Tloc/Air       0%         N/A       98%         3
 Animate Armour           Summ/Erth      0%         N/A       100%        4
 Summon Lightning Spire   Summ/Air       0%         N/A       100%        4
 Arcjolt                  Conj/Air       0%         1d10      100%        5
 Lee's Rapid Deconstruct  Erth           0%         3d4*      100%        5
 Plasma Beam              Fire/Air       0%         2x1d10    100%        6


Dungeon Overview and Level Annotations

Branches:
Dungeon (3/15)

Altars:
Vehumet


Message History

There is an open door here.
You hit the kobold brigand.
The kobold brigand is lightly wounded.
You barely miss the kobold brigand.
You feel very sick.
The kobold brigand hits you with a +0 club.
You block the kobold brigand's attack.
You barely miss the kobold brigand.
The kobold brigand is lightly wounded.
You miss the kobold brigand.
You feel sick.
The kobold brigand hits you with a +0 club. x2
You slash the kobold brigand!
The kobold brigand is heavily wounded.
You closely miss the kobold brigand.
You feel sick.
The kobold brigand hits you but does no damage. x2
You barely miss the kobold brigand.
The kobold brigand is heavily wounded.
You slash the kobold brigand!
You feel sick.
The kobold brigand closely misses you. x2
The kobold brigand hits you with a +0 club!
The kobold brigand hits you with a +0 club.
* * * LOW HITPOINT WARNING * * *
You feel very mighty all of a sudden.
You feel sick.
The kobold brigand completely misses you.
The kobold brigand hits you with a +0 club.
* * * LOW HITPOINT WARNING * * *
You barely miss the kobold brigand.
The kobold brigand is heavily wounded.
You barely miss the kobold brigand.
You feel sick.
You are no longer poisoned.
The kobold brigand hits you but does no damage.
The kobold brigand hits you with a +0 club.
* * * LOW HITPOINT WARNING * * *
Okay, then.
It was a potion of attraction.
You feel attractive to monsters. The kobold brigand closely misses you.
The kobold brigand hits you with a +0 club.
You die...

#########
#######''#####
........# #....#
.......+ #....#
......#########....##
#.)........#......#
#..........'......+
#####..........#......#
........#########....##
........@KKK....#....#
........#KK.....#....#
######################


You could see 2 kobold brigands and 3 kobolds.

Vanquished Creatures
  2 gnolls (D:3)
  2 adders
  An orc (D:3)
  5 ball pythons
  4 bats
  7 endoplasms
  2 giant cockroaches
  A goblin (D:2)
  4 hobgoblins
  6 jackals
  2 quokkas
  7 frilled lizards
  8 kobolds (D:3)
  12 rats
63 creatures vanquished.

Notes
Turn   | Place    | Note
-------+----------+-------------------------------------------
     0 | D:1      | Crownlay the Hill Orc Fighter began the quest for the Orb.
     0 | D:1      | Reached XP level 1. HP: 19/19 MP: 1/1
    65 | D:1      | Reached skill level 3 in Axes
   108 | D:1      | Reached XP level 2. HP: 22/26 MP: 2/2
   515 | D:1      | Reached XP level 3. HP: 30/31 MP: 3/3
   516 | D:1      | Reached skill level 4 in Axes
  1098 | D:2      | Reached skill level 1 in Throwing
  1289 | D:2      | Found a faded altar of an unknown god.
  1336 | D:2      | Reached XP level 4. HP: 39/39 MP: 4/4
  1915 | D:3      | Found a radiant altar of Vehumet.
  2050 | D:3      | Reached skill level 5 in Axes
  2097 | D:3      | Noticed a kobold brigand
  2097 | D:3      | Noticed a kobold brigand
  2105 | D:3      | Slain by a kobold brigand

Illustrated notes

Levels and vault maps discovered:
D:1:      wheals_arrival_linesprint, layout_rooms, serial_aquarium,
          aquarium_bridge_square [aquarium_subvault_balcony,
          aquarium_subvault_bridge, aquarium_subvault_bridge,
          aquarium_subvault_bridge], aquarium_bridge_square
          [aquarium_subvault_wall, aquarium_subvault_bridge,
          aquarium_subvault_balcony, aquarium_subvault_window],
          aquarium_window_1, aquarium_window_2, aquarium_window_corridor_3,
          aquarium_window_corner, aquarium_view_2d, aquarium_view_2b,
          aquarium_balcony_double_1, aquarium_pool_2, minmay_rat_gold_closets
D:2:      layout_loops_ring, dreamdust_ecumenical_altar_hidden_monk_grotto
D:3:      minmay_goblin_kobold_castle, layout_rooms,
          nicolae_overflow_quartered_altars

Skill      XL: |  1  2  3  4 |
---------------+-------------+-----
Axes           | 3 4 5 |  5.0
Throwing       | 1 |  1.4
Shields        | 4 |  4.1
Fighting       | |  3.6
Armour         | |  3.2

Action                     |  1- 3 |  4- 6 || total
---------------------------+-------+-------++-------
  Melee: War axe           |   108 |    39 ||   147
  Throw: Dart              |    14 |    17 ||    31
    Use: Potion            |       |     2 ||     2
 Armour: Scale mail        |    52 |    25 ||    77
  Dodge: Dodged            |    50 |    20 ||    70
  Block: Buckler           |    27 |    12 ||    39

Table legend: (Time is in decaauts)
 A = Elapsed time spent in this place.
 B = Non-inter-level travel time spent in this place.
 C = Inter-level travel time spent in this place.
 D = Time resting spent in this place.
 E = Time spent auto-exploring this place.
 F = Levels seen in this place.
 G = Mean time per level.
                   A        B        C        D        E       F      G
               +--------+--------+--------+--------+--------+-----+--------+
         Total |   2154 |   2011 |    143 |      0 |   1602 |   3 |  718.0 |
       Dungeon |   2154 |   2011 |    143 |      0 |   1602 |   3 |  718.0 |
               +--------+--------+--------+--------+--------+-----+--------+

Top non-repeatable levels by time:
     D:1: 959 daAuts
     D:2: 793 daAuts
     D:3: 401 daAuts
